 Dungeon Crawl Stone Soup version 0.27-a0-760-gc38aae387d (webtiles) character file.

Game seed: 7717875078082101624

8610 kae the Cleaver (level 11, -16/102 HPs)
             Began as a Hill Orc Fighter on Mar 25, 2021.
             Was a Follower of Qazlal.
             Killed from afar by Fannar (43 damage)
             ... with a bolt of cold
             ... on level 10 of the Dungeon.
             The game lasted 00:11:43 (17389 turns).

kae the Cleaver (Hill Orc Fighter)                 Turns: 17389, Time: 00:11:43

Health: -16/102    AC:  9    Str: 23    XL:     11   Next: 33%
Magic:  0/15       EV:  7    Int:  8    God:    Qazlal [*.....]
Gold:   831        SH: 12    Dex: 16    Spells: 10/10 levels left

rFire    . . .     SeeInvis +   a - +0 war axe
rCold    . . .     Faith    .   c - +0 kite shield
rNeg     . . .     Spirit   +   b - +1 scale mail
rPois    .         Reflect  .   (no helmet)
rElec    .         Harm     .   (no cloak)
rCorr    .         Rampage  .   (no gloves)
Will     .....                  (no boots)
Stlth    ..........             l - amulet of guardian spirit
HPRegen  0.27/turn              i - +6 ring of dexterity
MPRegen  0.14/turn              q - ring of see invisible

@: studying Fighting
A: no striking features
a: Renounce Religion


You were on level 10 of the Dungeon.
You worshipped Qazlal.
Qazlal was aware of your devotion.
You visited 2 branches of the dungeon, and saw 11 of its levels.
You also visited: Sewer.

You collected 831 gold pieces.

Inventory:

Hand Weapons
 a - a +0 war axe (weapon)
Armour
 b - a +1 scale mail (worn)
 c - a +0 kite shield (worn)
 j - +0 steam dragon scales
Jewellery
 g - a +4 ring of evasion
 i - a +6 ring of dexterity (right hand)
 k - an amulet of the acrobat
 l - an amulet of guardian spirit (around neck)
 n - a ring of magical power
 o - a ring of resist corrosion
 p - a +6 ring of dexterity
 q - a ring of see invisible (left hand)
 y - a +6 ring of strength
 z - a ring of protection from fire
Wands
 v - a wand of paralysis (19)
Scrolls
 e - 3 scrolls of identify
 x - a scroll of enchant armour
Potions
 d - 2 potions of ambrosia
 f - 2 potions of flight
 m - 2 potions of might
 r - a potion of invisibility
 s - 2 potions of degeneration
 t - a potion of resistance
 u - a potion of brilliance
 B - a potion of lignification


   Skills:
 + Level 11.5 Fighting
 * Level 14.7 Axes
 + Level 9.7 Armour
 - Level 3.2 Shields
 + Level 6.1 Invocations


You had 10 spell levels left.
You didn't know any spells.
Your spell library contained the following spells:

 Spells                   Type           Power      Damage    Failure   Level
 Beastly Appendage        Tmut           0%         N/A       99%         1
 Poisonous Vapours        Pois/Air       0%         N/A       100%        2
 Wereblood                Tmut           0%         N/A       100%        2
 Confusing Touch          Hex            0%         N/A       100%        3
 Conjure Flame            Conj/Fire      0%         6-21      100%        3
 Gell's Gravitas          Tloc           0%         N/A       100%        3
 Mephitic Cloud           Conj/Pois/Air  0%         N/A       100%        3
 Spider Form              Tmut/Pois      0%         N/A       100%        3
 Ice Form                 Ice/Tmut       0%         N/A       100%        4
 Petrify                  Tmut/Erth      0%         N/A       100%        4
 Blade Hands              Tmut           0%         N/A       100%        5
 Metabolic Englaciation   Hex/Ice        0%         N/A       100%        5
 Yara's Violent Unravell  Hex/Tmut       0%         3d3       100%        5
 Freezing Cloud           Conj/Ice/Air   0%         6-21      100%        6


Dungeon Overview and Level Annotations

Branches:
Dungeon (10/15)            Temple (1/1) D:6            Lair (0/6) D:9
  Sewer (visited)
    Orc: D:9-12

Altars:
Ashenzari
Cheibriados
Dithmenos
Elyvilon
Fedhas
Gozag
Hepliaklqana
Kikubaaqudgha
Makhleb
Nemelex Xobeh
Okawaru
Qazlal
Ru
Sif Muna
Trog
Uskayaw
Vehumet
Wu Jian
Xom
Yredelemnul
Zin
The Shining One

Annotations:
D:6 1 exclusion
D:10 Fannar


Message History

You closely miss Fannar.
Fannar is moderately wounded.
You block Fannar's attack.
You slash Fannar!
Fannar is moderately wounded.
Fannar hits you with a staff of cold. Fannar freezes you!
You miss Fannar.
Fannar is moderately wounded.
Fannar hits you but does no damage. Fannar freezes you!
You slash Fannar!
Fannar is heavily wounded.
Fannar drinks a potion.
Fannar is healed!
You hit Fannar but do no damage.
Fannar is moderately wounded.
Fannar is engulfed in freezing vapours.
Fannar casts a spell at you. The bolt of cold hits you!!
You are too injured to fight recklessly!
You are too injured to fight recklessly!
You are too injured to fight recklessly!
You are too injured to fight recklessly!
You are too injured to fight recklessly!
You barely miss Fannar.
Fannar is moderately wounded.
Fannar hits you with a staff of cold. Fannar freezes you.
You closely miss Fannar.
Fannar is moderately wounded.
Fannar murmurs some mystic words to themself.
Fannar gestures wildly while chanting.
You barely miss Fannar.
Fannar is moderately wounded.
Fannar mumbles some strange words.
Fannar drains the heat from the surrounding environment!
* * * LOW HITPOINT WARNING * * *
You slash Fannar!
Fannar is heavily wounded.
You slash the ice beast!
Fannar is engulfed in freezing vapours.
Fannar points at you and mumbles some strange words.
The bolt of cold hits you!!!
You die...

....##########
....################
.....#.............#
.....#.............#
.....#.............#
.....#.............#
'#######+###'##....#
..............#..☼.#
..............##@###
...............Ye.......
......##................
......##..##............
....).##........#.......
................#...####
................#...#
.....................
###################


You could see Fannar (icy armour) and an ice beast (summoned).

Vanquished Creatures
  Snorg (D:9)
  Josephine (D:10)
  Erica (D:9)
  Pikel (D:8)
  Joseph (D:9)
  2 slime creatures
  3 wraiths (D:10)
  5 yaks (D:10)
  A steam dragon (D:6)
  Menkaure (D:7)
  A water moccasin (D:7)
  An orc warrior (D:6)
  2 ice beasts
  2 sky beasts (D:6)
  6 ogres
  A swamp drake (D:9)
  A necrophage (D:6)
  A tengu (D:7)
  3 centaurs (D:6)
  4 kobold brigands
  2 bullfrogs
  2 gnoll sergeants
  Dowan (D:6)
  A water moccasin zombie (D:6)
  A water moccasin skeleton (D:5)
  A scorpion (D:5)
  4 killer bees (D:9)
  5 howler monkeys (D:10)
  2 centaur zombies
  4 jellies
  3 orc priests (D:3)
  4 gnoll shamans
  3 hounds (D:5)
  Jessica (D:2)
  2 bullfrog skeletons
  5 orc wizards
  A worker ant (D:4)
  2 killer bee zombies
  2 hound skeletons
  Robin (D:2)
  21 gnolls
  5 adders
  3 river rats (Sewer)
  2 white imps
  5 dart slugs
  A worm (D:5)
  34 orcs
  2 ball pythons (D:2)
  10 endoplasms
  5 giant cockroaches
  15 goblins
  5 hobgoblins
  14 jackals
  3 quokkas
  4 bats
  5 frilled lizards
  A jackal skeleton (D:4)
  16 kobolds
  13 rats
250 creatures vanquished.

Vanquished Creatures (others)
  An ogre (D:6)
  A bullfrog (D:6)
  A hound (D:6)
  An orc wizard (D:6)
  3 adders (D:6)
  An orc (D:6)
  13 fungi
  7 plants (D:9)
  6 toadstools (D:5)
34 creatures vanquished.

Grand Total: 284 creatures vanquished

Notes
Turn   | Place    | Note
-------+----------+-------------------------------------------
     0 | D:1      | kae the Hill Orc Fighter began the quest for the Orb.
     0 | D:1      | Reached XP level 1. HP: 19/19 MP: 1/1
    87 | D:1      | Reached skill level 3 in Axes
   221 | D:1      | Reached XP level 2. HP: 18/27 MP: 2/2
  1023 | D:2      | Reached XP level 3. HP: 33/33 MP: 3/3
  1047 | D:2      | Noticed Jessica
  1054 | D:2      | Killed Jessica
  1055 | D:2      | Reached skill level 4 in Axes
  1163 | D:2      | Found a snail-covered altar of Cheibriados.
  1319 | D:2      | Reached XP level 4. HP: 40/40 MP: 4/4
  1355 | D:2      | Noticed Robin
  1368 | D:2      | Killed Robin
  1566 | D:2      | Found a faded altar of an unknown god.
  2147 | D:3      | Reached skill level 5 in Axes
  2154 | D:3      | Reached XP level 5. HP: 37/47 MP: 5/5
  3052 | D:3      | Reached skill level 5 in Fighting
  3052 | D:3      | Reached skill level 6 in Axes
  3052 | D:3      | Reached XP level 6. HP: 34/56 MP: 6/6
  3459 | D:3      | Found a shimmering blue altar of Sif Muna.
  5126 | D:5      | Entered Level 5 of the Dungeon
  5149 | D:5      | Reached skill level 7 in Axes
  5149 | D:5      | Reached skill level 5 in Armour
  5149 | D:5      | Reached XP level 7. HP: 34/61 MP: 7/7
  5289 | D:5      | Found a glowing drain.
  5293 | Sewer    | Entered a sewer
  5584 | Sewer    | Found a glowing silver altar of Zin.
  5728 | D:5      | Reached skill level 8 in Axes
  5952 | D:5      | Reached XP level 8. HP: 68/71 MP: 8/8
  6441 | D:5      | Reached skill level 9 in Axes
  6850 | D:5      | Noticed a slime creature
  6851 | D:5      | Noticed a slime creature
  7776 | D:4      | Killed a slime creature
  7777 | D:4      | Reached skill level 10 in Axes
  8012 | D:5      | Killed a slime creature
  8013 | D:5      | Reached XP level 9. HP: 10/80 MP: 9/9
  8760 | D:6      | Reached skill level 11 in Axes
  9099 | D:6      | Found a shimmering altar of Xom.
  9699 | D:6      | Found a staircase to the Ecumenical Temple.
  9958 | Temple   | Entered the Ecumenical Temple
 10172 | Temple   | Became a worshipper of Qazlal Stormbringer
 10743 | D:6      | Reached skill level 12 in Axes
 11178 | D:7      | Noticed Duvessa
 11178 | D:7      | Noticed Dowan
 11181 | D:7      | Noticed Duvessa
 11181 | D:7      | Duvessa changed into Duvessa the ice beast
 11203 | D:6      | Killed Duvessa the ice beast
 11210 | D:6      | Killed Dowan
 11501 | D:7      | Noticed Maggie
 11515 | D:7      | Noticed Maggie
 11515 | D:7      | Maggie changed into Maggie the tengu
 11522 | D:7      | Killed Maggie the tengu
 12361 | D:6      | Reached skill level 1 in Invocations
 12361 | D:6      | Reached XP level 10. HP: 45/91 MP: 10/10
 12589 | D:7      | Found a broken altar of Ashenzari.
 12850 | D:7      | Noticed Menkaure
 12855 | D:7      | Killed Menkaure
 12901 | D:7      | Identified a scroll of acquirement
 12901 | D:7      | Acquired 493 gold pieces
 12926 | D:8      | Noticed Pikel
 12946 | D:8      | Killed Pikel
 12946 | D:8      | Reached * piety under Qazlal
 12947 | D:8      | Reached skill level 13 in Axes
 13919 | D:8      | Acquired a manual of Fighting
 14142 | D:9      | Noticed Joseph
 14161 | D:9      | Killed Joseph
 14721 | D:9      | Found a staircase to the Lair.
 14733 | D:9      | Noticed Erica
 14756 | D:9      | Killed Erica
 14757 | D:9      | Reached skill level 10 in Fighting
 15604 | D:10     | Entered Level 10 of the Dungeon
 15625 | D:10     | Noticed Snorg
 15907 | D:9      | HP: 4/93 [Snorg (13)]
 16290 | D:9      | Killed Snorg
 16291 | D:9      | Reached skill level 14 in Axes
 16291 | D:9      | Reached skill level 5 in Invocations
 16291 | D:9      | Reached XP level 11. HP: 101/101 MP: 14/14
 16352 | D:10     | Noticed Josephine
 16367 | D:10     | Killed Josephine
 16368 | D:10     | HP: 2/102 [wraith[Josephine] (7)]
 17361 | D:10     | Noticed Fannar
 17389 | D:10     | Killed from afar by Fannar

Illustrated notes

Levels and vault maps discovered:
D:1:      dpeg_arrival_ratfight, layout_basic
D:2:      layout_loops_corners, kennysheep_slug_shrine,
          chequers_ecumenical_altar_simple, chequers_serial_rivers_small_b,
          uniq_robin, uniq_jessica
D:3:      layout_loops_ring, lemuel_round_altar, minmay_between
D:4:      layout_basic
D:5:      cheibrodos_fertilizer, layout_loops_ring, gup_sewer_entry_spiral,
          minmay_crossroads
D:6:      layout_loops_cross, xom_confusion_cloud, minmay_temple_entry_mist,
          minivault_26, columned_hall_lemuel, hangedman_abyss_or_decor_stagger,
          minmay_curled_crystal, centaur_isle
D:7:      layout_rooms, cheibrodos_ashenzari_chains, uniq_duvessa, uniq_maggie,
          uniq_menkaure
D:8:      layout_basic, uniq_pikel
D:9:      layout_cave_pods, dpeg_oklobed_lair, serial_column_ruins,
          column_ruins_hut_pillars, column_ruins_grid_2, column_ruins_open_tiny,
          column_ruins_grid_3, column_ruins_columns_straight, uniq_erica,
          uniq_joseph
D:10:     nicolae_whirlpool, layout_stronghold, orc_0_dummy, uniq_josephine,
          uniq_snorg, uniq_fannar
Temple:   eino_narrow_crystal_temple

Skill      XL: |  1  2  3  4  5  6  7  8  9 10 11 |
---------------+----------------------------------+-----
Axes           | 3 4 5 6 7 8 10 12 14 | 14.7
Fighting       | 4 5 6 7 9 10 11 | 11.5
Armour         | 4 5 7 8 9 |  9.7
Invocations    | 1 5 6 |  6.1
Shields        | |  3.2

Action                   |  1- 3 |  4- 6 |  7- 9 | 10-12 || total
-------------------------+-------+-------+-------+-------++-------
Melee: War axe           |    70 |   215 |   371 |   256 ||   912
Evoke: Wand              |       |       |    22 |     8 ||    30
  Use: Potion            |       |     5 |     3 |     8 ||    16
       Scroll            |       |     3 |    10 |    10 ||    23
 Stab: Paralysed         |       |       |     5 |     4 ||     9
       Confused          |       |       |       |     1 ||     1
Armor: Scale mail        |    29 |    76 |   135 |    56 ||   296
       Skin              |       |       |       |    30 ||    30
Dodge: Dodged            |    20 |    62 |   124 |    62 ||   268
Block: Kite shield       |    32 |   116 |   196 |   152 ||   496

Table legend: (Time is in decaauts)
 A = Elapsed time spent in this place.
 B = Non-inter-level travel time spent in this place.
 C = Inter-level travel time spent in this place.
 D = Time resting spent in this place.
 E = Time spent auto-exploring this place.
 F = Levels seen in this place.
 G = Mean time per level.
                   A        B        C        D        E       F      G
               +--------+--------+--------+--------+--------+-----+--------+
         Total |  17699 |  17309 |    390 |   4977 |  10228 |  12 | 1474.9 |
       Dungeon |  17101 |  16732 |    369 |   4821 |   9875 |  10 | 1710.1 |
        Temple |    229 |    209 |     20 |      0 |    207 |   1 |  229.0 |
         Sewer |    368 |    368 |      0 |    156 |    146 |   1 |  368.0 |
               +--------+--------+--------+--------+--------+-----+--------+

Top non-repeatable levels by time:
     D:6: 3317 daAuts
     D:5: 2836 daAuts
     D:9: 2524 daAuts
     D:4: 1783 daAuts
     D:3: 1614 daAuts
     D:8: 1176 daAuts
     D:2: 1074 daAuts
     D:1: 1022 daAuts
     D:7: 948 daAuts
    D:10: 801 daAuts
   Sewer: 368 daAuts
  Temple: 229 daAuts
